[Event "30th Cracovia Festival-B 2019"]
[Site "Krakow"]
[Date "2019.12.30"]
[Round "5.25"]
[White "Swider, Pawel"]
[Black "Sharma Isha"]
[Result "0-1"]
[ECO "A32"]
[WhiteElo "1803"]
[BlackElo "2099"]
[Annotator "NA"]
[PlyCount "86"]
[EventDate "2019.12.27"]
[EventCountry "POL"]
[SourceTitle "playchess.com"]
[Source "ChessBase"]
[SourceQuality "1"]
[TimeControl "40/5400+30:1800+30"]

1. d4 Nf6 2. Nf3 c5 3. c4 cxd4 4. Nxd4 e6 5. Nc3 Qb6 6. e3 Bb4 7. Bd2 O-O 8. Bd3 Nc6 9. Nxc6 dxc6 10. a3 Be7 11. Qc2 e5 12. O-O-O Be6 13. h3 Rfd8 14. Ne4 Nd7 15. g4 g6 16. f4 f5 17. gxf5 Bxf5 18. c5 Bxc5 19. Nxc5 Qxc5 20. Bxf5 gxf5 21. Rhg1+ Kf7 22. Bc3 Qxe3+ 23. Kb1 Qe4 24. Qxe4 fxe4 25. fxe5 Nc5 26. Rdf1+ Ke6 27. Rf6+ Kd5 28. Kc2 Kc4 29. Re1 Rd3 30. Rh6 Rg8 31. Rxe4+ Nxe4 32. b3+ Kd5 33. Kxd3 Rg3+ 34. Kc2 Rxc3+ 35. Kb2 Re3 36. Rxh7 Nc5 37. b4 Na4+ 38. Kc2 b5 39. h4 Rxe5 40. h5 Kc4 41. h6 Re2+ 42. Kd1 Nc3+ 43. Kc1 Kb3 0-1

[Event "30th Cracovia Festival-B 2019"]
[Site "Krakow"]
[Date "2019.12.30"]
[Round "5.26"]
[White "Hasterok, Mateusz"]
[Black "Bogdanov, Ignat"]
[Result "1/2-1/2"]
[ECO "A61"]
[WhiteElo "2018"]
[BlackElo "2082"]
[Annotator "NA"]
[PlyCount "106"]
[EventDate "2019.12.27"]
[EventCountry "POL"]
[SourceTitle "playchess.com"]
[Source "ChessBase"]
[SourceQuality "1"]
[TimeControl "40/5400+30:1800+30"]

1. d4 Nf6 2. c4 c5 3. d5 e6 4. Nc3 exd5 5. cxd5 d6 6. Nf3 g6 7. Bf4 Bg7 8. Qa4+ Bd7 9. Qb3 Qc7 10. Nd2 Nh5 11. Be3 O-O 12. Nce4 f5 13. g4 fxe4 14. gxh5 Bf5 15. hxg6 hxg6 16. Nc4 Nd7 17. Bf4 Ne5 18. Bxe5 Bxe5 19. Nxe5 dxe5 20. e3 Qd6 21. O-O-O Rfb8 22. Bg2 c4 23. Qc2 Rc8 24. Bxe4 c3 25. b4 Qxb4 26. Bxf5 gxf5 27. Rdg1+ Kh8 28. Rg5 e4 29. Qb3 Qxb3 30. axb3 Rc7 31. Rxf5 a5 32. Rh5+ Rh7 33. Rxh7+ Kxh7 34. Kc2 Kg7 35. Kxc3 a4 36. bxa4 Rxa4 37. Rb1 Kf6 38. Rxb7 Ke5 39. Rf7 Kxd5 40. h4 Ra1 41. Rf4 Ke5 42. f3 Ra3+ 43. Kd2 Ra2+ 44. Ke1 exf3 45. Rxf3 Ke4 46. Rh3 Kf5 47. Rf3+ Ke4 48. Rf2 Ra3 49. Kf1 Kxe3 50. Kg2 Ra4 51. Rf3+ Ke2 52. Rh3 Rg4+ 53. Kh2 Kf2 1/2-1/2

[Event "30th Cracovia Festival-B 2019"]
[Site "Krakow"]
[Date "2019.12.30"]
[Round "5.27"]
[White "Gorkiewicz, Mateusz"]
[Black "Lutsko, Artem"]
[Result "0-1"]
[ECO "B42"]
[WhiteElo "1964"]
[BlackElo "2005"]
[Annotator "NA"]
[PlyCount "86"]
[EventDate "2019.12.27"]
[EventCountry "POL"]
[SourceTitle "playchess.com"]
[Source "ChessBase"]
[SourceQuality "1"]
[TimeControl "40/5400+30:1800+30"]

1. e4 c5 2. Nf3 e6 3. d4 cxd4 4. Nxd4 a6 5. Bd3 Qb6 6. Nb3 Nf6 7. O-O d6 8. Nc3 Be7 9. Kh1 O-O 10. f4 Nc6 11. Qf3 Bd7 12. Bd2 Qc7 13. Rae1 Rfe8 14. g4 g6 15. g5 Nh5 16. Ne2 d5 17. e5 Ng7 18. Qh3 b5 19. Rg1 Nf5 20. Bxf5 exf5 21. Ned4 Nxd4 22. Nxd4 Qc4 23. Be3 Qxa2 24. b3 Qa5 25. e6 fxe6 26. Nf3 Qc7 27. Ne5 Bf8 28. Bd4 Bg7 29. Rg3 Bc8 30. Rc3 Qb7 31. b4 a5 32. bxa5 b4 33. Rb3 Rxa5 34. Qg2 Ra2 35. Reb1 Qc7 36. R3b2 Rxb2 37. Rxb2 Bxe5 38. Bxe5 Qc4 39. Qf2 d4 40. Bxd4 Rd8 41. c3 bxc3 42. Rb8 Rxd4 43. Qxd4 Qxd4 0-1

[Event "30th Cracovia Festival-B 2019"]
[Site "Krakow"]
[Date "2019.12.30"]
[Round "5.28"]
[White "Golenia, Wojciech"]
[Black "Palamarchuk, Andriy"]
[Result "0-1"]
[ECO "A06"]
[WhiteElo "2093"]
[BlackElo "1899"]
[Annotator "NA"]
[PlyCount "84"]
[EventDate "2019.12.27"]
[EventCountry "POL"]
[SourceTitle "playchess.com"]
[Source "ChessBase"]
[SourceQuality "1"]
[TimeControl "40/5400+30:1800+30"]

1. Nf3 d5 2. g3 Bg4 3. Bg2 Nf6 4. c4 e6 5. Qb3 Nbd7 6. d4 b6 7. Ne5 c6 8. Bg5 Nxe5 9. dxe5 h6 10. Bxf6 gxf6 11. Qa4 Qd7 12. exf6 Bd6 13. Nc3 Be5 14. O-O Bxc3 15. bxc3 Bxe2 16. cxd5 cxd5 17. Qxd7+ Kxd7 18. Rfe1 Bc4 19. a4 Rhg8 20. Re3 Rg6 21. Rf3 Rc8 22. Rf4 Bd3 23. a5 b5 24. Bf3 e5 25. Bg4+ Kd6 26. Bxc8 exf4 27. f3 fxg3 28. hxg3 Rxg3+ 29. Kf2 Rg6 30. Rd1 Bc2 31. Rc1 Ba4 32. Re1 Rxf6 33. Re8 b4 34. Re3 b3 35. Re1 Kc7 36. Bh3 Kd6 37. Rd1 Bb5 38. Ke3 Kc5 39. Rb1 Bc4 40. Ra1 Rg6 41. Bg4 Rg5 42. Rh1 Re5+ 0-1

[Event "30th Cracovia Festival-B 2019"]
[Site "Krakow"]
[Date "2019.12.30"]
[Round "5.29"]
[White "Slezinski, Nikodem"]
[Black "Gondzik, Dawid"]
[Result "1-0"]
[ECO "B24"]
[WhiteElo "2005"]
[BlackElo "2045"]
[Annotator "NA"]
[PlyCount "89"]
[EventDate "2019.12.27"]
[EventCountry "POL"]
[SourceTitle "playchess.com"]
[Source "ChessBase"]
[SourceQuality "1"]
[TimeControl "40/5400+30:1800+30"]

1. e4 c5 2. Nc3 Nc6 3. Bb5 e6 4. Bxc6 bxc6 5. d3 d6 6. f4 g6 7. Nf3 Bg7 8. O-O Nh6 9. e5 O-O 10. Ne4 dxe5 11. fxe5 Ng4 12. Bf4 f6 13. exf6 Nxf6 14. Bg5 Qb6 15. Nxf6+ Bxf6 16. Bxf6 Rxf6 17. Ne5 Rf5 18. Ng4 Kg7 19. Qd2 Qd8 20. Qh6+ Kg8 21. Qh3 Kg7 22. Qh6+ Kg8 23. Ne3 Rf8 24. Rxf8+ Qxf8 25. Qg5 Ba6 26. Rf1 Qd6 27. Ng4 Rf8 28. Rxf8+ Qxf8 29. Nf6+ Kg7 30. Nh5+ Kg8 31. Nf6+ Kg7 32. Nd7 Qd6 33. Nxc5 Bc8 34. h4 Qd4+ 35. Kh2 Qxb2 36. Qe7+ Kg8 37. Qd8+ Kg7 38. Qc7+ Kh6 39. Qf4+ Kg7 40. d4 Qc3 41. Qc7+ Kh6 42. Qxc8 Qxd4 43. Qf8+ Kh5 44. Qf3+ Kh6 45. Nxe6 1-0

[Event "30th Cracovia Festival-B 2019"]
[Site "Krakow"]
[Date "2019.12.30"]
[Round "5.30"]
[White "Reprun, Nadejda"]
[Black "Kucharski, Bartlomiej"]
[Result "0-1"]
[ECO "B06"]
[WhiteElo "1975"]
[BlackElo "2024"]
[Annotator "NA"]
[PlyCount "110"]
[EventDate "2019.12.27"]
[EventCountry "POL"]
[SourceTitle "playchess.com"]
[Source "ChessBase"]
[SourceQuality "1"]
[TimeControl "40/5400+30:1800+30"]

1. e4 d6 2. d4 g6 3. Nc3 Bg7 4. Be3 c6 5. Qd2 b5 6. a3 Nf6 7. Bh6 O-O 8. Bxg7 Kxg7 9. Nf3 Qa5 10. Bd3 Bg4 11. O-O Bxf3 12. gxf3 e5 13. dxe5 dxe5 14. f4 Nbd7 15. Qe3 Rad8 16. Be2 exf4 17. Qxf4 Rfe8 18. b4 Qb6 19. Rad1 Ne5 20. Rxd8 Qxd8 21. Rd1 Qe7 22. h3 Qe6 23. Kh2 Nc4 24. Rd4 Nxa3 25. Rd6 Qe5 26. Qxe5 Rxe5 27. Bd3 Re6 28. Rxe6 fxe6 29. f4 Nd7 30. Kg3 e5 31. Ne2 Kf6 32. Ng1 c5 33. bxc5 Nxc5 34. fxe5+ Kxe5 35. Nf3+ Kf6 36. Kf4 Nxd3+ 37. cxd3 Nc2 38. e5+ Ke7 39. Ke4 b4 40. d4 a5 41. Kd3 Na3 42. d5 b3 43. Kc3 a4 44. d6+ Kd7 45. Nd2 Nb5+ 46. Kb2 Nd4 47. Ne4 Ke6 48. Ng5+ Kxe5 49. d7 Nc6 50. Nxh7 Kf5 51. h4 Ke6 52. Ng5+ Kxd7 53. Ne4 Ke6 54. Nc5+ Kf5 55. Nxa4 Na5 0-1

[Event "30th Cracovia Festival-B 2019"]
[Site "Krakow"]
[Date "2019.12.30"]
[Round "5.31"]
[White "Mikula, Michal"]
[Black "Wojdak, Jan"]
[Result "1-0"]
[ECO "B20"]
[WhiteElo "1821"]
[BlackElo "2017"]
[Annotator "NA"]
[PlyCount "113"]
[EventDate "2019.12.27"]
[EventCountry "POL"]
[SourceTitle "playchess.com"]
[Source "ChessBase"]
[SourceQuality "1"]
[TimeControl "40/5400+30:1800+30"]

1. e4 c5 2. b4 d6 3. bxc5 dxc5 4. Nf3 Nc6 5. Bc4 e6 6. O-O Nf6 7. d3 Be7 8. Bb2 O-O 9. a4 a6 10. Nbd2 Qc7 11. Re1 b6 12. h3 Bb7 13. Nh2 e5 14. Ndf1 Na5 15. Ne3 Rad8 16. Nhg4 Nxc4 17. Nxc4 Nxg4 18. Qxg4 Rd4 19. Bxd4 cxd4 20. Qf5 Re8 21. Qxe5 Qxe5 22. Nxe5 Bb4 23. Reb1 Bc3 24. Nc4 Bxa1 25. Rxa1 Bc6 26. Nxb6 Rb8 27. a5 Kf8 28. Rb1 Rd8 29. Kf1 Ke7 30. Rb4 Ke6 31. Rc4 Bb5 32. Rc5 Rd6 33. f4 g6 34. Re5+ Kf6 35. Rxb5 Rc6 36. Nd5+ Kg7 37. Rb2 Rc5 38. Ra2 f5 39. Ke2 Rc6 40. e5 g5 41. Kf3 Kf7 42. Nb6 Kg6 43. Ra4 Rxc2 44. Rxd4 gxf4 45. Rxf4 Rc3 46. Rd4 Kg5 47. e6 Kf6 48. Nd5+ Ke5 49. Nxc3 Kxd4 50. Ne2+ Ke5 51. e7 Kd5 52. e8=Q f4 53. Nxf4+ Kc5 54. Qe4 Kb5 55. Qc4+ Kxa5 56. Nd5 h6 57. Qb4# 1-0

[Event "30th Cracovia Festival-B 2019"]
[Site "Krakow"]
[Date "2019.12.30"]
[Round "5.32"]
[White "Widla, Piotr"]
[Black "Trybus, Daniel"]
[Result "0-1"]
[ECO "A45"]
[WhiteElo "2014"]
[BlackElo "1862"]
[Annotator "NA"]
[PlyCount "152"]
[EventDate "2019.12.27"]
[EventCountry "POL"]
[SourceTitle "playchess.com"]
[Source "ChessBase"]
[SourceQuality "1"]
[TimeControl "40/5400+30:1800+30"]

1. d4 Nf6 2. Bf4 g6 3. Nd2 c5 4. e3 Bg7 5. Ngf3 O-O 6. Be2 d6 7. h3 Nbd7 8. O-O Qb6 9. Nc4 Qc7 10. a4 b6 11. c3 Ba6 12. Ncd2 Bb7 13. Rc1 Rac8 14. Re1 e5 15. dxe5 dxe5 16. Bh2 Qc6 17. Bb5 Qe6 18. e4 Rfd8 19. Ng5 Qe7 20. Bc4 Rf8 21. Qb3 h6 22. Nxf7 Rxf7 23. Bxf7+ Qxf7 24. Qxf7+ Kxf7 25. Nc4 Ke6 26. Rcd1 Ba6 27. Nd6 Rd8 28. f4 exf4 29. Bxf4 Nh5 30. Bh2 Be5 31. Bxe5 Nxe5 32. Nb5 Rxd1 33. Rxd1 Bxb5 34. axb5 Nf6 35. Ra1 Nxe4 36. Rxa7 Nd6 37. Ra6 Nd7 38. Ra4 Nxb5 39. Rh4 h5 40. g4 Ne5 41. Kg2 hxg4 42. hxg4 Nd3 43. b4 c4 44. g5 Ne5 45. Rh3 Kf5 46. Kf2 Ke4 47. Ke2 Nf7 48. Rh4+ Kd5 49. Kd2 Nbd6 50. Rd4+ Ke5 51. Rg4 Kf5 52. Rg1 Nxg5 53. Ke3 Nde4 54. Ra1 Ke5 55. Rg1 b5 56. Rg4 Kf6 57. Rf4+ Ke5 58. Rg4 Ke6 59. Rg1 Kf5 60. Rf1+ Kg4 61. Rg1+ Ng3 62. Ra1 Nf5+ 63. Ke2 Ne4 64. Rc1 g5 65. Rg1+ Neg3+ 66. Kf2 Kf4 67. Rc1 g4 68. Kg2 Ne3+ 69. Kh2 Ne4 70. Kg1 g3 71. Kh1 Nd2 72. Rg1 g2+ 73. Kh2 Nf3+ 74. Kh3 Nxg1+ 75. Kh2 Nf3+ 76. Kh3 g1=N# 0-1

[Event "30th Cracovia Festival-B 2019"]
[Site "Krakow"]
[Date "2020.01.03"]
[Round "8.25"]
[White "Lutsko, Artem"]
[Black "Swider, Pawel"]
[Result "1-0"]
[ECO "D12"]
[WhiteElo "2005"]
[BlackElo "1803"]
[Annotator "NA"]
[PlyCount "69"]
[EventDate "2019.12.27"]
[EventCountry "POL"]
[SourceTitle "playchess.com"]
[Source "ChessBase"]
[SourceQuality "1"]
[TimeControl "40/5400+30:1800+30"]

1. d4 d5 2. c4 c6 3. Nf3 Nf6 4. e3 Bf5 5. Nc3 e6 6. Nh4 Bg6 7. Nxg6 hxg6 8. a3 Bd6 9. g3 Nbd7 10. c5 Bc7 11. b4 e5 12. Bg2 Qe7 13. Kf1 e4 14. Bd2 Qe6 15. h4 Ng4 16. Bh3 Ndf6 17. Kg2 Qf5 18. Qe2 g5 19. hxg5 Qxg5 20. Bxg4 Rxh1 21. Rxh1 Nxg4 22. Rh8+ Ke7 23. Rxa8 Bd8 24. f3 exf3+ 25. Qxf3 Qh5 26. Rxa7 f5 27. Rxb7+ Ke8 28. Ne2 g6 29. b5 Qh2+ 30. Kf1 Bg5 31. Qg2 Qh5 32. bxc6 Nf6 33. Rb8+ Kf7 34. c7 Ne4 35. Ke1 1-0

[Event "30th Cracovia Festival-B 2019"]
[Site "Krakow"]
[Date "2020.01.03"]
[Round "8.26"]
[White "Palamarchuk, Andriy"]
[Black "Sharma Isha"]
[Result "0-1"]
[ECO "C47"]
[WhiteElo "1899"]
[BlackElo "2099"]
[Annotator "NA"]
[PlyCount "108"]
[EventDate "2019.12.27"]
[EventCountry "POL"]
[SourceTitle "playchess.com"]
[Source "ChessBase"]
[SourceQuality "1"]
[TimeControl "40/5400+30:1800+30"]

1. e4 e5 2. Nf3 Nc6 3. Nc3 Nf6 4. d4 exd4 5. Nxd4 Bb4 6. Nxc6 bxc6 7. Bd3 O-O 8. O-O d5 9. exd5 cxd5 10. Bg5 c6 11. Qf3 Be7 12. h3 h6 13. Bf4 Bd6 14. Ne2 Rb8 15. Nd4 Qc7 16. Bxd6 Qxd6 17. Qg3 Qxg3 18. fxg3 c5 19. Nc6 Rxb2 20. Rab1 Rxb1 21. Rxb1 c4 22. Rb8 cxd3 23. cxd3 Kh7 24. Nxa7 Re8 25. Nxc8 Nd7 26. Ra8 Nc5 27. d4 Nd3 28. Nb6 Re1+ 29. Kh2 Rd1 30. Ra4 h5 31. Nxd5 g5 32. Ra6 g4 33. Nf6+ Kh8 34. Ra8+ Kg7 35. Nxh5+ Kh6 36. Rh8+ Kg5 37. h4+ Kf5 38. Rf8 Kg6 39. Rg8+ Kxh5 40. Rg5+ Kh6 41. Rf5 Kg6 42. Rg5+ Kh6 43. Rf5 Kg7 44. a4 f6 45. h5 Kf7 46. a5 Ke6 47. Rf4 Nxf4 48. gxf4 Rxd4 49. Kg3 f5 50. Kh4 Kf6 51. h6 Rd7 52. Kh5 Ra7 53. a6 Rd7 54. g3 Rd2 0-1

[Event "30th Cracovia Festival-B 2019"]
[Site "Krakow"]
[Date "2020.01.03"]
[Round "8.28"]
[White "Gondzik, Dawid"]
[Black "Golenia, Wojciech"]
[Result "1-0"]
[ECO "A43"]
[WhiteElo "2045"]
[BlackElo "2093"]
[Annotator "NA"]
[PlyCount "79"]
[EventDate "2019.12.27"]
[EventCountry "POL"]
[SourceTitle "playchess.com"]
[Source "ChessBase"]
[SourceQuality "1"]
[TimeControl "40/5400+30:1800+30"]

1. d4 c5 2. d5 Nf6 3. Nc3 g6 4. e4 d6 5. f4 Bg7 6. e5 dxe5 7. fxe5 Ng4 8. Bb5+ Kf8 9. e6 h5 10. Nf3 fxe6 11. O-O Bxc3 12. bxc3 exd5 13. Nh4+ Kg7 14. h3 Nf6 15. Qd3 Ne4 16. Bf4 Rf8 17. Be5+ Kh7 18. c4 Bf5 19. Nxf5 Rxf5 20. Rxf5 gxf5 21. Qf3 Kg6 22. cxd5 Nd7 23. Rf1 Nxe5 24. Qxf5+ Kg7 25. Qxe4 Qd6 26. Rf5 Ng6 27. Bd3 Rf8 28. Rg5 Rf6 29. Qh4 c4 30. Qxc4 Qb6+ 31. Kh2 Qf2 32. Qe4 Qb6 33. Qxe7+ Kh6 34. Qxf6 Qxf6 35. Rxg6+ Qxg6 36. Bxg6 Kxg6 37. c4 Kf5 38. g4+ hxg4 39. hxg4+ Ke5 40. a4 {[%emt 0:00:00] Kxd5} 1-0

[Event "30th Cracovia Festival-B 2019"]
[Site "Krakow"]
[Date "2020.01.03"]
[Round "8.29"]
[White "Bogdanov, Ignat"]
[Black "Radovic, Stefan"]
[Result "0-1"]
[ECO "E20"]
[WhiteElo "2082"]
[BlackElo "2007"]
[Annotator "NA"]
[PlyCount "72"]
[EventDate "2019.12.27"]
[EventCountry "POL"]
[SourceTitle "playchess.com"]
[Source "ChessBase"]
[SourceQuality "1"]
[TimeControl "40/5400+30:1800+30"]

1. d4 Nf6 2. c4 e6 3. Nc3 Bb4 4. f3 c5 5. d5 b5 6. e4 d6 7. Bd3 bxc4 8. Bxc4 e5 9. Nge2 Nh5 10. h4 Nd7 11. g4 Nf4 12. Nxf4 exf4 13. Bxf4 Qf6 14. Qd2 Ne5 15. Be2 Qe7 16. g5 Rb8 17. Rg1 Bd7 18. Be3 Bb5 19. Kf2 Bxe2 20. Kxe2 Nc4 21. Qc1 Nxe3 22. Qxe3 O-O 23. Rg2 c4 24. Rf1 Rb6 25. Kd1 Rfb8 26. Qc1 Qe5 27. Rff2 Bc5 28. Re2 Bb4 29. Rd2 Qf4 30. Ke2 Qxh4 31. a3 Ba5 32. Qg1 Rxb2 33. Qxa7 Bxc3 34. Rxb2 Rxb2+ 35. Ke3 Qe1+ 36. Kf4 Be5+ 0-1

[Event "30th Cracovia Festival-B 2019"]
[Site "Krakow"]
[Date "2020.01.03"]
[Round "8.30"]
[White "Jablonska, Sabina"]
[Black "Janus, Przemyslaw"]
[Result "0-1"]
[ECO "D00"]
[WhiteElo "1933"]
[BlackElo "2065"]
[Annotator "NA"]
[PlyCount "144"]
[EventDate "2019.12.27"]
[EventCountry "POL"]
[SourceTitle "playchess.com"]
[Source "ChessBase"]
[SourceQuality "1"]
[TimeControl "40/5400+30:1800+30"]

1. d4 d5 2. Bf4 Nf6 3. e3 e6 4. c3 Bd6 5. Bg3 O-O 6. Nf3 b6 7. Nbd2 c5 8. Bd3 Ba6 9. Bc2 Bb7 10. Qb1 Qc7 11. Ne5 Nc6 12. Nxc6 Qxc6 13. Bh4 Ne4 14. f3 Nxd2 15. Bxh7+ Kh8 16. Kxd2 cxd4 17. cxd4 e5 18. Bd3 exd4 19. Bg5 dxe3+ 20. Bxe3 Rfe8 21. Qg1 Qa4 22. Bc2 Qb4+ 23. Kd1 d4 24. Bd2 Qc5 25. Qf2 Be7 26. Rc1 d3 27. Qxc5 Bxc5 28. Bxd3 Rad8 29. Bb5 Re5 30. Rc2 Be3 31. Bc4 Rc5 32. b3 b5 33. Re1 Bxd2 34. Rxd2 Rxd2+ 35. Kxd2 bxc4 36. bxc4 Rxc4 37. Re7 Bd5 38. Rxa7 Rb4 39. Kc3 Rb1 40. Kd4 Be6 41. a4 Rb2 42. g4 Rxh2 43. a5 Kh7 44. Ke5 Rf2 45. Ke4 Re2+ 46. Kf4 Ra2 47. Kg5 Ra4 48. a6 f6+ 49. Kh4 Bd5 50. f4 Rxf4 51. Rc7 Ra4 52. a7 Bf3 53. Kg3 Bxg4 54. Rc4 Rxa7 55. Kxg4 Kg6 56. Rb4 Ra1 57. Rc4 Rg1+ 58. Kf4 Kh5 59. Rc8 g5+ 60. Kf3 Ra1 61. Rc4 f5 62. Rc8 Ra3+ 63. Kg2 Kg4 64. Rc4+ f4 65. Rc2 Rh3 66. Rc4 Rg3+ 67. Kh2 Re3 68. Rc5 Re2+ 69. Kg1 Kh4 70. Kf1 Ra2 71. Rc4 Kg3 72. Rc5 Ra1+ {[%emt 0:00:34] Rd5} 0-1

[Event "30th Cracovia Festival-B 2019"]
[Site "Krakow"]
[Date "2020.01.03"]
[Round "8.31"]
[White "Krawczyk, Wojciech"]
[Black "Lozynskyi, Bohdan"]
[Result "1/2-1/2"]
[ECO "D00"]
[WhiteElo "1885"]
[BlackElo "2067"]
[Annotator "NA"]
[PlyCount "98"]
[EventDate "2019.12.27"]
[EventCountry "POL"]
[SourceTitle "playchess.com"]
[Source "ChessBase"]
[SourceQuality "1"]
[TimeControl "40/5400+30:1800+30"]

1. d4 d5 2. Bf4 Nf6 3. e3 c5 4. c3 Nc6 5. Nf3 Qb6 6. Qb3 c4 7. Qxb6 axb6 8. Nbd2 b5 9. a3 b4 10. cxb4 Nxb4 11. Rc1 Nc6 12. Ne5 e6 13. Be2 Nd7 14. Nxc6 bxc6 15. O-O Nb6 16. Rc2 Kd7 17. Rb1 Ba6 18. b3 cxb3 19. Nxb3 Bxe2 20. Rxe2 Na4 21. Nc5+ Nxc5 22. dxc5 Ra7 23. Reb2 e5 24. Bxe5 Bxc5 25. Bxg7 Rha8 26. Rb7+ Rxb7 27. Rxb7+ Ke6 28. Rc7 Ra6 29. a4 Bd6 30. Rc8 c5 31. g3 Rxa4 32. Rh8 f6 33. Re8+ Kf7 34. Rd8 Be7 35. Rd7 c4 36. Kf1 Ra1+ 37. Ke2 Ra2+ 38. Ke1 c3 39. Bh6 Ra1+ 40. Ke2 c2 41. e4 c1=Q 42. Bxc1 Rxc1 43. Rxd5 Rc2+ 44. Rd2 Rxd2+ 45. Kxd2 Bc5 46. Ke2 Ke6 47. f4 Bg1 48. h3 h5 49. Kf3 Bb6 1/2-1/2